 Dungeon Crawl Stone Soup version 0.30-a0-949-g53dc5368d7 (webtiles) character file.

Game seed: 6361596885447553854

51 Sobieck the Shooter (level 3, -1/27 HPs)
             Began as a Mummy Hunter on Mar 27, 2023.
             Slain by a black bear (2 damage)
             ... on level 3 of the Dungeon.
             The game lasted 00:02:10 (1241 turns).

Sobieck the Shooter (Mummy Hunter)                  Turns: 1241, Time: 00:02:10

Health: -1/27      AC:  3    Str: 14    XL:     3   Next: 57%
Magic:  3/3        EV: 11    Int:  8    God:
Gold:   92         SH:  0    Dex: 17    Spells: 2/2 levels left

rFire   x . .      SeeInvis .    a - +0 shortbow {bow}
rCold   + . .      Faith    +    (shield currently unavailable)
rNeg    + + +      Spirit   .    c - +0 leather armour
rPois   ∞          Reflect  .    (no helmet)
rElec   .          Rampage  .    (no cloak)
rCorr   .                        (no gloves)
Will    .....                    (no boots)
Stlth   ++                       (no amulet)
HPRegen 0.24/turn                (no ring)
MPRegen 0.08/turn                (no ring)

@: no status effects
A: cold resistance 1, negative energy resistance 3, torment resistance 2, heat
vulnerability 1, in touch with death 1, no potions, faith
a: no special abilities


You were on level 3 of the Dungeon.
You visited 1 branch of the dungeon, and saw 3 of its levels.

You collected 92 gold pieces.


Innate Abilities, Weirdness & Mutations

You are immune to poison.
Your flesh is cold resistant. (rC+)
You are immune to negative energy. (rN+++)
You are immune to unholy pain and torment.
You are vulnerable to heat. (rF-)
You are in touch with the powers of death.
You do not drink.
You have a special connection with the divine. (Faith)


   Skills:
 - Level 2.0 Fighting
 + Level 4.0 Ranged Weapons
 - Level 1.5 Dodging
 - Level 2.0 Stealth


You had 2 spell levels left.
You didn't know any spells.
Your spell library contained the following spells:

 Spells                   Type           Power      Damage    Failure   Level
 Slow                     Hex            0%         N/A       50%         1
 Confusing Touch          Hex            0%         N/A       86%         3
 Dazzling Flash           Conj/Hex       0%         N/A       86%         3
 Vampiric Draining        Necr           0%         2d6       86%         3
 Agony                    Necr           0%         N/A       100%        5
 Silence                  Hex/Air        0%         N/A       100%        5

Inventory:

Hand Weapons
 a - a +0 shortbow (weapon) {bow}
 m - a +3 dagger {short}
   (You took it off a kobold on level 2 of the Dungeon)
Missiles
 e - 33 stones {throwing}
Armour
 c - a +0 leather armour (worn)
 g - a +0 chain mail
   (You found it on level 1 of the Dungeon)
 h - a +0 scale mail
   (You found it on level 1 of the Dungeon)
 j - a +0 leather armour
   (You found it on level 2 of the Dungeon)
 n - a +0 pair of gloves
   (You found it on level 2 of the Dungeon)
Scrolls
 b - a scroll of immolation {!r!r}
 d - a scroll of teleportation {unknown}
 f - 3 scrolls of magic mapping {unknown}
 i - a scroll of vulnerability {unknown}
 k - a scroll of brand weapon {unknown}
 l - a scroll of enchant armour {unknown}

Dungeon Overview and Level Annotations

Branches:
Dungeon (3/15) Zot: 16722

Altars:
Dithmenos

Shops:
D:2

= #.......#
#.......#
#.......###
#.........
#.......#
#.......#
#.......#
#<......#
###@#####
#h# ..#
#.## .. .##
. .


You could see a black bear (berserk).


Message History

You kill the giant cockroach!
No target in view!
No target in view!
e - 33 stones {throwing} (gained 3)
Found an escape hatch in the floor.
A goblin comes into view. It is wielding a +0 dagger.
Danger!
You shoot an arrow. The arrow hits the goblin!
You kill the goblin!
No target in view!
No target in view!
A hobgoblin comes into view.
Danger!
The hobgoblin shouts!
You shoot an arrow. The arrow barely misses the hobgoblin.
You shoot an arrow. The arrow barely misses the hobgoblin.
You shoot an arrow. The arrow hits the hobgoblin.
You kill the hobgoblin!
Your Ranged Weapons skill increases to level 4!
No target in view!
f - 3 scrolls labelled NIOFEP FOUXONU (gained 1)
A rat comes into view.
Danger!
You shoot an arrow. The arrow hits the rat!
You kill the rat!
No target in view!
No target in view!
Found a stone staircase leading down.
A quokka comes into view.
The quokka moves out of view.
A kobold comes into view. It is wielding a +0 dagger.
Danger!
You shoot an arrow. The arrow hits the kobold!
You kill the kobold!
You shoot an arrow. The arrow closely misses the quokka.
A quokka is nearby!
You shoot an arrow. The arrow hits the quokka!
You kill the quokka!
No target in view!
No target in view!
n - a +0 pair of gloves
Found Noxui's Jewellery Shop.
Found an escape hatch in the ceiling.
Unknown command.
You see here a +0 dagger {short}.
There is an escape hatch in the ceiling here.
There is an entrance to Noxui's Jewellery Shop here.
You can access your shopping list by pressing '$'.
Unknown command.
A kobold comes into view. It is wielding a +0 short sword.
Danger!
You shoot an arrow. The arrow hits the kobold.
You kill the kobold!
No target in view!
No target in view!
Things that are here:
a +0 short sword {short}; a kobold corpse You see here a +0 spear {polearm}.
There is a stone staircase leading down here.
There is a stone staircase leading down here.
You see here a +0 spear {polearm}.
You see here a pink potion.
Done exploring.
Done exploring.
(D) Dungeon
Where to? (Enter - D:2, ? - help)
You see here a pink potion.
You see here a +0 spear {polearm}.
There is a stone staircase leading down here.
You climb downwards.
There is a stone staircase leading up here.
Unknown command.
Unknown command.
A black bear comes into view.
Danger!
You shoot an arrow. The arrow hits the black bear!
The black bear growls angrily.
You shoot an arrow. The arrow hits the black bear.
You shoot an arrow.
The arrow completely misses the black bear.
You shoot an arrow. The arrow hits the black bear!
The black bear goes berserk!
You shoot an arrow. The arrow hits the black bear.
The black bear bites you! The black bear claws you. The black bear misses you.
Fire: a) +0 shortbow {bow}
Press: ? - help, Q - select action, (/) - cycle Shift-Dir - straight line, f/p - black bear
Aim: a black bear (severely wounded, berserk, 70% to hit)
You shoot an arrow. The arrow barely misses the black bear.
The black bear closely misses you.
The black bear claws you but does no damage. x2
The black bear bites you!
* * * LOW HITPOINT WARNING * * *
The black bear claws you but does no damage. x2
Fire: a) +0 shortbow {bow}
Press: ? - help, Q - select action, (/) - cycle Shift-Dir - straight line, f/p - black bear
Aim: a black bear (severely wounded, berserk, 70% to hit)
You shoot an arrow. The arrow hits the black bear!
The black bear bites you.
* * * LOW HITPOINT WARNING * * *
The black bear claws you.
You die...

Skill      XL: |  1  2  3 |
---------------+----------+-----
Stealth        | 1 2 |  2.0
Ranged Weapons | 4 |  4.0
Fighting       | |  2.0
Dodging        | |  1.5

Action                     || total
---------------------------++-------
   Fire: Shortbow          ||    97
 Armour: Leather armour    ||     7
  Dodge: Dodged            ||    24

Levels and vault maps discovered:
D:1:      zelgadis_glass_arrival_small, layout_rooms, minmay_strange_pillars,
          serial_bayou_pond_e, minmay_tromino_i4
D:2:      layout_loops_ring, basic_altar, ebering_ecumenical_altar_sacrificial,
          serial_shops, shop_statue, serial_glass, glass_columns_b,
          glass_columns_b
D:3:      layout_rooms, amcnicky_altar_gilded, serial_shops, shop

Notes
Turn   | Place    | Note
-------+----------+-------------------------------------------
     0 | D:1      | Sobieck the Mummy Hunter began the quest for the Orb.
     0 | D:1      | Reached XP level 1. HP: 16/16 MP: 1/1
    71 | D:1      | Reached skill level 1 in Stealth
   160 | D:1      | Reached XP level 2. HP: 22/22 MP: 2/2
   318 | D:1      | You pick up a book of the Senses and begin reading...
   318 | D:1      | You add the spells Dazzling Flash, Agony and Silence to
                  | your library.
   392 | D:1      | You pick up a book of Debilitation and begin reading...
   392 | D:1      | You add the spells Slow, Vampiric Draining and Confusing
                  | Touch to your library.
   630 | D:2      | Gained mutation: You are in touch with the powers of death.
                  | [Mummy growth]
   630 | D:2      | Reached XP level 3. HP: 27/27 MP: 3/3
   714 | D:2      | Found a faded altar of an unknown god.
   776 | D:2      | Found a shadowy altar of Dithmenos.
   789 | D:2      | Reached skill level 2 in Stealth
  1037 | D:2      | Reached skill level 4 in Ranged Weapons
  1124 | D:2      | Found Noxui's Jewellery Shop.
  1234 | D:3      | Noticed a black bear
  1240 | D:3      | HP: 6/27 [black bear (8)]
  1241 | D:3      | HP: 1/27 [black bear (5)]
  1241 | D:3      | Slain by a black bear

Vanquished Creatures
  3 dart slugs
  3 endoplasms
  3 giant cockroaches
  5 goblins
  3 hobgoblins
  7 kobolds
  5 quokkas
  2 ball pythons
  A bat (D:1)
  A frilled lizard (D:1)
  5 rats
38 creatures vanquished.

Table legend:
 A = Non-vault XP
 B = Vault XP
 C = Vault XP percentage of total XP
 D = Non-vault monster count
 E = Vault monster count
 F = Vault count percentage of total count
                 A         B        C        D         E       F
            +---------+---------+-------+---------+---------+-------
      Total |      67 |       6 |   8.2 |      35 |       3 |   7.9
            +---------+---------+-------+---------+---------+-------
        D:1 |      31 |       6 |  16.2 |      17 |       3 |  15.0
        D:2 |      36 |       0 |   0.0 |      18 |       0 |   0.0
            +---------+---------+-------+---------+---------+-------

Illustrated notes

Table legend:
 A = Kills in this place as a percentage of kills in the entire game.
 B = Kills by you in this place as a percentage of kills by you in the entire game.
 C = Kills by friends in this place as a percentage of kills by friends in the entire game.
 D = Other kills in this place as a percentage of other kills in the entire game.
 E = Experience gained in this place as a percentage of experience gained in the entire game.
 F = Experience gained in this place divided by the number of levels of this place that you have seen.
                   A       B       C       D       E      F
               +-------+-------+-------+-------+-------+----------------------
         Total | 100.0 | 100.0 |   N/A |   N/A | 100.0 |  24.3
       Dungeon | 100.0 | 100.0 |   N/A |   N/A | 100.0 |  24.3
               +-------+-------+-------+-------+-------+----------------------

Table legend: (Time is in decaauts)
 A = Elapsed time spent in this place.
 B = Non-inter-level travel time spent in this place.
 C = Inter-level travel time spent in this place.
 D = Time resting spent in this place.
 E = Time spent auto-exploring this place.
 F = Levels seen in this place.
 G = Mean time per level.
                   A        B        C        D        E       F      G
               +--------+--------+--------+--------+--------+-----+--------+
         Total |   1276 |   1227 |     49 |      0 |   1030 |   3 |  425.3 |
       Dungeon |   1276 |   1227 |     49 |      0 |   1030 |   3 |  425.3 |
               +--------+--------+--------+--------+--------+-----+--------+

Top non-repeatable levels by time:
     D:1: 641 daAuts
     D:2: 623 daAuts
     D:3: 11 daAuts
